 Dungeon Crawl Stone Soup version 0.31.0-4-g52a2dc7128 (webtiles) character file.

Game seed: 700005585454211372

396 BeingJoeMalik the Caller (level 6, -6/28 HPs)
             Began as a Vine Stalker Summoner on Jan 23, 2024.
             Was an Initiate of Makhleb.
             Mangled by a wyvern (11 damage)
             ... on level 5 of the Dungeon.
             The game lasted 00:15:25 (4791 turns).

BeingJoeMalik the Caller (Vine Stalker Summoner)    Turns: 4791, Time: 00:15:26

Health: -6/28      AC:  4    Str:  8 (11) XL:     6   Next: 82%
Magic:  0/13       EV: 17    Int: 16 (17) God:    Makhleb [......]
Gold:   157        SH:  0    Dex: 12 (14) Spells: 7/13 levels left

rFire   . . .        A - +3 whip
rCold   . . .        (no shield)
rNeg    . . .        a - +0 robe
rPois   .            w - +0 helmet
rElec   .            (no cloak)
rCorr   +            E - +0 pair of gloves
SInv    .            q - +0 pair of boots
Will    .....        D - amulet of regeneration
Stlth   ++           m - +5 ring of evasion
HPRegen 1.84/turn    x - ring of resist corrosion
MPRegen 0.13/turn

%: clarity, guardian spirit
@: lethally poisoned (-6 -> -7), about to teleport, weak-willed, marked
A: fangs 2, regeneration 1, magic shield, antimagic bite, no potion heal 2,
claws 1, clarity, deformed body
a: Renounce Religion


You were on level 5 of the Dungeon.
You worshipped Makhleb.
Makhleb was noncommittal.
You visited 2 branches of the dungeon, and saw 6 of its levels.

You collected 157 gold pieces.

Inventory:

Hand Weapons
 A - a +3 whip (weapon)
Missiles
 c - 6 poisoned darts (quivered)
Armour
 a - a +0 robe (worn)
 q - a +0 pair of boots (worn)
 w - a +0 helmet (worn)
 E - a +0 pair of gloves (worn)
Jewellery
 m - a +5 ring of evasion (left hand)
 r - a ring of ice
 x - a ring of resist corrosion (right hand)
 D - an amulet of regeneration (around neck)
Wands
 u - a wand of digging (5)
Scrolls
 e - a scroll of fear {unknown}
 f - a scroll of enchant weapon {unknown}
 h - a scroll of enchant armour {unknown}
 n - a scroll of teleportation
 o - a scroll of vulnerability
 p - a scroll of revelation {unknown}
 s - a scroll of brand weapon {unknown}
 t - 3 scrolls of identify {unknown}
 y - a scroll of poison {unknown}
 C - a scroll of amnesia {unknown}
Potions
 b - a potion of magic
 d - a potion of ambrosia {unknown}
 g - a potion of brilliance {unknown}
 i - a potion of attraction {unknown}
 j - 2 potions of degeneration
 k - a potion of might {unknown}
 l - a potion of heal wounds
 v - a potion of experience {unknown}
 z - a potion of haste {unknown}
 B - a potion of mutation


   Skills:
 - Level 1.5 Dodging
 - Level 2.4 Stealth
 + Level 4.0 Spellcasting
 + Level 7.1 Summonings


You had 7 spell levels left.
You knew the following spells:

 Your Spells              Type           Power      Damage    Failure   Level
a - Summon Small Mammal   Summ           100%       N/A       1%          1
b - Call Imp              Summ           52%        N/A       1%          2
c - Call Canine Familiar  Summ           26%        N/A       2%          3

Your spell library contained the following spells:

 Spells                   Type           Power      Damage    Failure   Level
 Summon Blazeheart Golem  Fire/Summ      14%        N/A       36%         4
 Summon Lightning Spire   Summ/Air       14%        N/A       36%         4


Dungeon Overview and Level Annotations

Branches:
Dungeon (5/15)             Temple (1/1) D:4

Altars:
Cheibriados
Dithmenos
Hepliaklqana
Kikubaaqudgha
Makhleb
Nemelex Xobeh
Okawaru
Qazlal
Ru
Trog
Uskayaw
Vehumet
Wu Jian
Yredelemnul
Zin

Shops:
D:2 (

Annotations:
D:4 2 transporters


Innate Abilities, Weirdness & Mutations

You have extremely sharp teeth.
Your natural rate of healing is unusually fast.
When hurt, damage is shared between your health and your magic reserves.
Your bite disrupts and absorbs the magic of your enemies.
Potions cannot restore your health.
You have sharp fingernails.
You possess an exceptional clarity of mind.
Armour fits poorly on your strangely shaped body.


Message History

The orc wizard flickers and vanishes!
Deactivating autopickup; reactivate with Ctrl-A.
The orc wizard points at you and mumbles some strange words.
You easily resist.
Unknown command.
Unknown command.
Okay, then.
Unknown command.
Unknown command.
You're too confused to move!
You feel less confused.
An orc warrior comes into view. It is wielding a +0 scimitar.
Unknown command.
The scorpion stings you.
You are poisoned.
The scorpion poisons you!
You feel sick.
A sleepcap comes into view.
An ogre comes into view. It is wielding a +0 giant club.
You feel sick. The scorpion attacks as it pursues you! The scorpion stings you.
An ufetubus comes into view.
The wyvern closely misses you.
A gnoll comes into view. It is wielding a +0 flail.
As you read the scroll labelled RIUHET BIME, it crumbles to dust.
A wave of despondency washes over your surroundings.
It was a scroll of vulnerability.
You feel sick. The scorpion stings you. The wyvern barely misses you.
The ogre barely misses you.
As you read the scroll labelled OCAUTE GOINE, it crumbles to dust.
You feel strangely unstable.
It was a scroll of teleportation.
You feel sick. The wyvern bites you!! The scorpion barely misses you.
The wyvern bites you!
* * * LOW HITPOINT WARNING * * *
The scorpion stings you.
* * * LOW HITPOINT WARNING * * *
Unknown command.
Unknown command.
Unknown command.
You hit something.
You feel sick.
An ufetubus comes into view.
The wyvern bites you!
You die...

#..........+.....#
#..........#.....#
##..##...######..#
########............
#..........####...
#..........#
##..####...#
#..####.o.##
#####...@k..##
##...##..sO.f.###
##.....##.oo...O.g
#.......#.5....###
##.#._.#.#.....##
#..##.##......##
#...###.......#
#.......##..5#
##.....###...##


You could see an orc warrior (weak-willed), a wyvern (weak-willed), 2 ogres, a
sleepcap (weak-willed), a scorpion (weak-willed), an orc wizard (weak-willed), a
gnoll (weak-willed), 2 ufetubi and an orc (weak-willed).

Vanquished Creatures
  A gnoll (D:3)
  A ribbon worm (D:2)
  A dart slug (D:2)
  3 orcs (D:3)
  4 ball pythons
  A giant cockroach (D:2)
  A hobgoblin (D:2)
  A jackal (D:1)
  3 quokkas
  5 bats
  A frilled lizard (D:1)
  2 goblins
  2 kobolds (D:1)
  2 rats
28 creatures vanquished.

Vanquished Creatures (collateral kills)
  2 hounds
  2 orc priests
  Jessica (D:2)
  An iguana (D:4)
  3 gnolls
  6 adders
  3 ribbon worms
  6 dart slugs
  17 orcs
  A bat (D:1)
  6 endoplasms
  4 goblins
  2 hobgoblins
  2 jackals (D:1)
  2 quokkas
  4 ball pythons
  A frilled lizard (D:1)
  5 kobolds
  4 rats
72 creatures vanquished.

Grand Total: 100 creatures vanquished

Notes
Turn   | Place    | Note
-------+----------+-------------------------------------------
     0 | D:1      | BeingJoeMalik the Vine Stalker Summoner began the quest for
                  | the Orb.
     0 | D:1      | Reached XP level 1. HP: 9/9 MP: 4/4
   146 | D:1      | Reached XP level 2. HP: 13/13 MP: 3/6
   149 | D:1      | Learned a level 2 spell: Call Imp
   317 | D:1      | Reached XP level 3. HP: 16/16 MP: 3/7
   354 | D:1      | Learned a level 3 spell: Call Canine Familiar
   441 | D:1      | Reached skill level 5 in Summonings
   555 | D:1      | Found a faded altar of an unknown god.
  1387 | D:2      | Reached XP level 4. HP: 21/21 MP: 4/8
  1504 | D:2      | Found Limuych's Antique Weapon Shoppe.
  1613 | D:2      | Noticed Jessica
  1623 | D:2      | Killed Jessica
  1624 | D:2      | Reached skill level 6 in Summonings
  1790 | D:2      | Reached XP level 5. HP: 11/24 MP: 4/9
  2685 | D:3      | Found a sacrificial altar of Ru.
  2971 | D:3      | Found a glowing silver altar of Zin.
  3062 | D:3      | Reached XP level 6. HP: 28/28 MP: 7/11
  3723 | D:4      | Found a staircase to the Ecumenical Temple.
  3732 | Temple   | Entered the Ecumenical Temple
  3780 | Temple   | Became a worshipper of Makhleb the Destroyer
  4029 | D:4      | Reached skill level 7 in Summonings
  4084 | D:4      | Found a transporter.
  4214 | D:4      | Found an ornate altar of the Wu Jian Council.
  4332 | D:4      | Found a transporter.
  4414 | D:4      | Found a snail-covered altar of Cheibriados.
  4602 | D:5      | Entered Level 5 of the Dungeon
  4769 | D:5      | Found a shadowy altar of Dithmenos.
  4784 | D:5      | Gained mutation: Armour fits poorly on your strangely
                  | shaped body. [potion of mutation]
  4784 | D:5      | Gained mutation: You have sharp fingernails. [potion of
                  | mutation]
  4784 | D:5      | Gained mutation: You possess an exceptional clarity of
                  | mind. [potion of mutation]
  4784 | D:5      | Noticed a wyvern
  4785 | D:5      | Noticed an orc warrior
  4791 | D:5      | Mangled by a wyvern

Illustrated notes

Levels and vault maps discovered:
D:1:      dpeg_arrival_brainrot, layout_basic,
          shapermc_ecumenical_altar_totnotflames, st_stairs_2,
          columned_hall_lemuel, minivault_24
D:2:      layout_rooms, serial_shops, shop, uniq_jessica
D:3:      layout_basic, mainiacjoe_overflow_six_doors_small,
          mainiacjoe_overflow_surrounded_room, minmay_misc_feat_tiny,
          serial_bayou_pond_d, kennysheep_boxes
D:4:      gammafunk_cloud_chamber, layout_basic, nzn_wu_jian_contemplation,
          mainiacjoe_overflow_paths, minmay_temple_entry_arrows
D:5:      cheibrodos_barr_body, layout_gridville,
          nicolae_dithmenos_through_a_glass_darkly, grunt_gozag_breadcrumbs,
          nicolae_ashenzari_skybound, gammafunk_ghost_hive
Temple:   cyrus_temple_forest

Skill      XL: |  1  2  3  4  5  6 |
---------------+-------------------+-----
Summonings     | 5 6 7 |  7.1
Spellcasting   | 3 4 |  4.0
Dodging        | |  1.5
Stealth        | |  2.4

Action                     |  1- 3 |  4- 6 || total
---------------------------+-------+-------++-------
  Melee: Unarmed           |    54 |    82 ||   136
         Bite              |    14 |    24 ||    38
         Punch             |     1 |     1 ||     2
         Whip              |       |    15 ||    15
  Throw: Dart              |     2 |     4 ||     6
   Cast: Summon Small Mamm |    36 |    67 ||   103
         Call Imp          |    11 |    35 ||    46
    Use: Potion            |       |     3 ||     3
         Scroll            |       |     2 ||     2
   Stab: Sleeping          |     3 |     1 ||     4
         Distracted        |       |     1 ||     1
 Armour: Robe              |    46 |    57 ||   103
  Dodge: Dodged            |    44 |   108 ||   152
